| TOP OF THE 1ST |
|
Eugene Emeralds batting - Pitching for Milwaukee (NYP) Brewers : RHP Zack Sharp
|
|
Pitching: RHP Zack Sharp
|
|
|
Batting: RHB Du Kim
|
0-0: Ball 1-0: Swinging Strike 1-1: Foul Ball, location: 2F 1-2: Foul Ball, location: 2F 1-2: Foul Ball, location: 2F 1-2: Ball 2-2: Ground out 4-3 (Groundball, 4, EV 88.8 MPH)
|
|
Batting: RHB Ricky Ramirez
|
0-0: Called Strike 0-1: Foul Ball, location: 2F 0-2: Ground out 3-1 (Groundball, 34S, EV 77.5 MPH)
|
|
Batting: LHB Wing-tat Tai
|
0-0: Called Strike 0-1: Ball 1-1: Called Strike 1-2: Strikes out looking
|
| Top of the 1st over - 0 runs, 0 hits, 0 errors, 0 left on base; Eugene 0 - Milwaukee (NYP) 0 |
| BOTTOM OF THE 1ST |
|
Milwaukee (NYP) Brewers batting - Pitching for Eugene Emeralds : RHP Scott Hanson
|
|
Pitching: RHP Scott Hanson
|
|
|
Batting: SHB Sam Bingham
|
0-0: Ball 1-0: Called Strike 1-1: Foul Ball, location: 2F 1-2: Ball 2-2: Strikes out looking
|
|
Batting: LHB Mark Backstrom
|
0-0: Called Strike 0-1: Foul Ball, location: 2F 0-2: Foul Ball, location: 2F 0-2: Ground out 4-3 (Groundball, 34, EV 103.8 MPH)
|
|
Batting: LHB Karel Hort
|
0-0: Ball 1-0: Ball 2-0: SOLO HOME RUN (Flyball, 89XD, EV 101.2 MPH), Distance : 414 ft
|
|
Batting: RHB Jeremy Harden
|
0-0: Called Strike 0-1: Ball 1-1: Ground out 6-3 (Groundball, 56, EV 100.6 MPH)
|
| Bottom of the 1st over - 1 run, 1 hit, 0 errors, 0 left on base; Eugene 0 - Milwaukee (NYP) 1 |
| TOP OF THE 2ND |
|
Eugene Emeralds batting - Pitching for Milwaukee (NYP) Brewers : RHP Zack Sharp
|
|
Batting: RHB Mike Hill
|
0-0: Ball 1-0: Called Strike 1-1: Foul Ball, location: 2F 1-2: Strikes out swinging
|
|
Batting: RHB Josh Asch
|
0-0: SINGLE (Groundball, 6MD, EV 98.8 MPH)
|
|
Batting: LHB Emir Jalil
|
0-0: Foul Ball, location: 2F 0-1: Ball 1-1: Called Strike 1-2: Ball 2-2: Foul Ball, location: 2F 2-2: Ball 3-2: SINGLE (Groundball, 56D, EV 103.1 MPH) Josh Asch to second
|
|
Batting: RHB Dave de Wolff
|
0-0: Ball 1-0: Foul Ball, location: 2F 1-1: Foul Ball, location: 2F 1-2: Strikes out swinging
|
|
Batting: RHB Jorge Lagunas
|
0-0: SINGLE (Groundball, 4MD, EV 97.5 MPH) Josh Asch to third Emir Jalil to second Runner from 3rd tries for Home, SAFE, throw by CF to home
|
|
Batting: RHB David Bousfield
|
0-0: Ball 1-0: Ball 2-0: SINGLE (Groundball, 6M, EV 95.6 MPH) Emir Jalil to third Jorge Lagunas to second Runner from 3rd tries for Home, SAFE, throw by CF to home
|
|
Batting: RHB Du Kim
|
0-0: Ball 1-0: Foul Ball, location: 2F 1-1: Ball 2-1: DOUBLE (Line Drive, 89XD, EV 98.1 MPH) Jorge Lagunas scores David Bousfield to third Runner from 3rd tries for Home, SAFE, throw by RF to trailing runner, SAFE at third!
|
|
Batting: RHB Ricky Ramirez
|
0-0: Ball 1-0: Fly out, F7 (Flyball, 78D, EV 101.9 MPH)
|
| Top of the 2nd over - 4 runs, 5 hits, 0 errors, 1 left on base; Eugene 4 - Milwaukee (NYP) 1 |
| BOTTOM OF THE 2ND |
|
Milwaukee (NYP) Brewers batting - Pitching for Eugene Emeralds : RHP Scott Hanson
|
|
Batting: SHB Jerry Duffy
|
0-0: Called Strike 0-1: Ball 1-1: Foul Ball, location: 2F 1-2: Ball 2-2: Foul Ball, location: 2F 2-2: SINGLE (Line Drive, 9LS, EV 95.6 MPH)
|
|
Batting: LHB Sal Burgos
|
0-0: Ball 1-0: Foul Ball, location: 2F 1-1: Foul Ball, location: 2F 1-2: Ball 2-2: Ball 3-2: Foul Ball, location: 2F 3-2: Foul Ball, location: 2F 3-2: 2-RUN HOME RUN (Flyball, 89XD, EV 103.8 MPH), Distance : 402 ft
|
|
Batting: LHB Paul Collins
|
0-0: Ball 1-0: Foul Ball, location: 2F 1-1: Fly out, F9 (Flyball, 9S, EV 91.9 MPH)
|
|
Batting: RHB Dusty Bates
|
0-0: Called Strike 0-1: Foul Ball, location: 2F 0-2: Ball 1-2: Ball 2-2: Foul Ball, location: 2F 2-2: Strikes out swinging
|
|
Batting: RHB Dan Allred
|
0-0: Ball 1-0: Called Strike 1-1: Swinging Strike 1-2: Ball 2-2: Ball 3-2: Base on Balls
|
|
Batting: SHB Sam Bingham
|
0-0: Ball 1-0: Swinging Strike 1-1: Foul Ball, location: 2F 1-2: Ball 2-2: Ball Wild Pitch! Dan Allred to second 3-2: Base on Balls
|
|
Batting: LHB Mark Backstrom
|
0-0: Ball 1-0: 3-RUN HOME RUN (Flyball, 89XD, EV 107.5 MPH), Distance : 414 ft
|
|
Pitching: RHP Brian Jarrett
|
|
|
Batting: LHB Karel Hort
|
0-0: Ball 1-0: Fly out, F8 (Flyball, 8LD, EV 98.8 MPH)
|
| Bottom of the 2nd over - 5 runs, 3 hits, 0 errors, 0 left on base; Eugene 4 - Milwaukee (NYP) 6 |
| TOP OF THE 3RD |
|
Eugene Emeralds batting - Pitching for Milwaukee (NYP) Brewers : RHP Zack Sharp
|
|
Batting: LHB Wing-tat Tai
|
0-0: Ball 1-0: Foul Ball, location: 2F 1-1: Ground out U3 (Groundball, 34, EV 104.4 MPH)
|
|
Batting: RHB Mike Hill
|
0-0: Ball 1-0: Called Strike 1-1: Ball 2-1: Foul Ball, location: 2F 2-2: Foul Ball, location: 2F 2-2: Strikes out swinging
|
|
Batting: RHB Josh Asch
|
0-0: Swinging Strike 0-1: Ball 1-1: Ball 2-1: Ball 3-1: Base on Balls
|
|
Batting: LHB Emir Jalil
|
0-0: Ball 1-0: Ball 2-0: Ball 3-0: Base on Balls Josh Asch to second
|
|
Batting: RHB Dave de Wolff
|
0-0: SINGLE (Line Drive, 9S, EV 108.1 MPH) Josh Asch to third Emir Jalil to second
|
|
Batting: RHB Jorge Lagunas
|
0-0: Ball 1-0: Called Strike 1-1: Called Strike 1-2: Strikes out swinging
|
| Top of the 3rd over - 0 runs, 1 hit, 0 errors, 3 left on base; Eugene 4 - Milwaukee (NYP) 6 |
| BOTTOM OF THE 3RD |
|
Milwaukee (NYP) Brewers batting - Pitching for Eugene Emeralds : RHP Brian Jarrett
|
|
Batting: RHB Jeremy Harden
|
0-0: SINGLE (Line Drive, 8LS, EV 87.5 MPH)
|
|
Batting: SHB Jerry Duffy
|
0-0: Foul Ball, location: 2F 0-1: Fly out, F8 (Flyball, 8RM, EV 95.6 MPH)
|
|
Batting: LHB Sal Burgos
|
0-0: Foul Ball, location: 2F 0-1: Foul Ball, location: 2F 0-2: Ball 1-2: Ball Jeremy Harden is caught stealing 2nd base 2-6 2-2: Ball 3-2: SINGLE (Line Drive, 89S, EV 95.0 MPH)
|
|
Batting: LHB Paul Collins
|
0-0: Ball 1-0: Ball 2-0: Foul Ball, location: 2F 2-1: Foul Ball, location: 2F 2-2: Foul Ball, location: 2F 2-2: Ball 3-2: Base on Balls Sal Burgos to second
|
|
Pitching: RHP Alberto Cabrera
|
|
|
Batting: RHB Dusty Bates
|
0-0: Foul Ball, location: 2F 0-1: Called Strike 0-2: Foul Ball, location: 2F 0-2: Fly out, F9 (Line Drive, 89M, EV 93.1 MPH)
|
| Bottom of the 3rd over - 0 runs, 2 hits, 0 errors, 2 left on base; Eugene 4 - Milwaukee (NYP) 6 |
| TOP OF THE 4TH |
|
Eugene Emeralds batting - Pitching for Milwaukee (NYP) Brewers : RHP Zack Sharp
|
|
Batting: RHB David Bousfield
|
0-0: Ball 1-0: Swinging Strike 1-1: Ground out U3 (Groundball, 34S, EV 85.0 MPH)
|
|
Batting: RHB Du Kim
|
0-0: Swinging Strike 0-1: Fly out, F6 (Popup, 6MD, EV 44.4 MPH)
|
|
Batting: RHB Ricky Ramirez
|
0-0: Ball 1-0: Ground out 6-3 (Groundball, 56D, EV 78.1 MPH)
|
| Top of the 4th over - 0 runs, 0 hits, 0 errors, 0 left on base; Eugene 4 - Milwaukee (NYP) 6 |
| BOTTOM OF THE 4TH |
|
Milwaukee (NYP) Brewers batting - Pitching for Eugene Emeralds : RHP Alberto Cabrera
|
|
Batting: RHB Dan Allred
|
0-0: DOUBLE (Flyball, 89D, EV 96.9 MPH)
|
|
Batting: SHB Sam Bingham
|
0-0: Fly out, F9 (Flyball, 9D, EV 100.6 MPH) Runner from 2nd tags up, SAFE at 3rd, no throw by RF
|
|
Batting: LHB Mark Backstrom
|
0-0: Ball 1-0: Ball 2-0: Foul Ball, location: 2F 2-1: Ball 3-1: Fly out, F8 (Flyball, 8RD, EV 88.1 MPH)
|
|
Batting: LHB Karel Hort
|
0-0: Ground out U3 (Groundball, 3, EV 105.0 MPH)
|
| Bottom of the 4th over - 0 runs, 1 hit, 0 errors, 1 left on base; Eugene 4 - Milwaukee (NYP) 6 |
| TOP OF THE 5TH |
|
Eugene Emeralds batting - Pitching for Milwaukee (NYP) Brewers : RHP Zack Sharp
|
|
Batting: LHB Wing-tat Tai
|
0-0: Foul Ball, location: 2F 0-1: Ball 1-1: Foul Ball, location: 2F 1-2: Ball 2-2: Ball 3-2: SINGLE (Line Drive, 56, EV 103.1 MPH)
|
|
Batting: RHB Mike Hill
|
0-0: Foul Ball, location: 2F 0-1: Fielders Choice at 2nd, 6-4 (Groundball, 6M, EV 83.8 MPH)
|
|
Batting: RHB Josh Asch
|
0-0: Called Strike 0-1: Fly out, F7 (Flyball, 7, EV 89.4 MPH)
|
|
Batting: LHB Emir Jalil
|
0-0: Fly out, F7 (Flyball, 7LSF, EV 82.5 MPH)
|
| Top of the 5th over - 0 runs, 1 hit, 0 errors, 1 left on base; Eugene 4 - Milwaukee (NYP) 6 |
| BOTTOM OF THE 5TH |
|
Milwaukee (NYP) Brewers batting - Pitching for Eugene Emeralds : RHP Alberto Cabrera
|
|
Now in CF: Du Kim
|
|
|
Now in RF: Gilberto Alvarado
|
|
|
Batting: RHB Jeremy Harden
|
0-0: Ball 1-0: Foul Ball, location: 2F 1-1: Foul Ball, location: 2F 1-2: Foul Ball, location: 2F 1-2: Ball 2-2: Fly out, F8 (Flyball, 8RD, EV 85.6 MPH)
|
|
Batting: SHB Jerry Duffy
|
0-0: Ball 1-0: Ground out U3 (Groundball, 3, EV 104.4 MPH)
|
|
Batting: LHB Sal Burgos
|
0-0: SINGLE (Line Drive, 56D, EV 100.6 MPH)
|
|
Batting: LHB Paul Collins
|
0-0: Ball 1-0: Ball 2-0: Ground out 4-3 (Groundball, 4, EV 106.2 MPH)
|
| Bottom of the 5th over - 0 runs, 1 hit, 0 errors, 1 left on base; Eugene 4 - Milwaukee (NYP) 6 |
| TOP OF THE 6TH |
|
Eugene Emeralds batting - Pitching for Milwaukee (NYP) Brewers : RHP Zack Sharp
|
|
Pitching: LHP Juan Gonzalez
|
|
|
Batting: RHB Dave de Wolff
|
0-0: Called Strike 0-1: Foul Ball, location: 2F 0-2: Strikes out swinging
|
|
Batting: RHB Jorge Lagunas
|
0-0: Called Strike 0-1: Foul Ball, location: 2F 0-2: Strikes out swinging
|
|
Batting: RHB David Bousfield
|
0-0: Called Strike 0-1: Foul Ball, location: 2F 0-2: Strikes out swinging
|
| Top of the 6th over - 0 runs, 0 hits, 0 errors, 0 left on base; Eugene 4 - Milwaukee (NYP) 6 |
| BOTTOM OF THE 6TH |
|
Milwaukee (NYP) Brewers batting - Pitching for Eugene Emeralds : RHP Alberto Cabrera
|
|
Batting: RHB Dusty Bates
|
0-0: Ball 1-0: SOLO HOME RUN (Flyball, 78XD, EV 106.9 MPH), Distance : 423 ft
|
|
Batting: RHB Dan Allred
|
0-0: Foul Ball, location: 2F 0-1: Foul Ball, location: 2F 0-2: Fly out, F7 (Flyball, 7D, EV 92.5 MPH)
|
|
Batting: SHB Sam Bingham
|
0-0: Called Strike 0-1: Foul Ball, location: 2F 0-2: Ball 1-2: Strikes out looking
|
|
Pitching: RHP Francisco Landin
|
|
|
Batting: LHB Mark Backstrom
|
0-0: Ball 1-0: Called Strike 1-1: Fly out, F9 (Flyball, 89D, EV 107.5 MPH)
|
| Bottom of the 6th over - 1 run, 1 hit, 0 errors, 0 left on base; Eugene 4 - Milwaukee (NYP) 7 |
| TOP OF THE 7TH |
|
Eugene Emeralds batting - Pitching for Milwaukee (NYP) Brewers : LHP Juan Gonzalez
|
|
Now at 1B: Umar Matoub
|
|
|
Now in LF: Paul Collins
|
|
|
Batting: RHB Du Kim
|
0-0: Ball 1-0: Ball 2-0: Ball 3-0: Foul Ball, location: 2F 3-1: SINGLE (Groundball, 15S, EV 72.5 MPH) (infield hit)
|
|
Batting: RHB Ricky Ramirez
|
0-0: Ball 1-0: Swinging Strike Pickoff Throw by Catcher to First - Error! E2 Du Kim to second 1-1: Foul Ball, location: 2F 1-2: Fly out, F9 (Flyball, 9, EV 89.4 MPH)
|
|
Batting: RHB Gilberto Alvarado
|
0-0: Ball Wild Pitch! Du Kim to third 1-0: Ball 2-0: Called Strike 2-1: Ground out 4-3 (Groundball, 4, EV 89.4 MPH) Du Kim scores
|
|
Batting: RHB Mike Hill
|
0-0: Foul Ball, location: 2F 0-1: Called Strike 0-2: Foul Ball, location: 2F 0-2: Strikes out swinging, 2-3 out at first.
|
| Top of the 7th over - 1 run, 1 hit, 1 error, 0 left on base; Eugene 5 - Milwaukee (NYP) 7 |
| BOTTOM OF THE 7TH |
|
Milwaukee (NYP) Brewers batting - Pitching for Eugene Emeralds : RHP Francisco Landin
|
|
Batting: LHB Karel Hort
|
0-0: SOLO HOME RUN (Flyball, 89XD, EV 105.0 MPH), Distance : 410 ft
|
|
Batting: RHB Jeremy Harden
|
0-0: Ball 1-0: Called Strike 1-1: Foul Ball, location: 2F 1-2: Ball 2-2: DOUBLE (Line Drive, 7LM, EV 105.6 MPH)
|
|
Batting: LHB Umar Matoub
|
0-0: Ball 1-0: Reached on error, E5 (Groundball, 56, EV 91.2 MPH) Jeremy Harden to third
|
|
Batting: LHB Sal Burgos
|
0-0: Called Strike 0-1: Ball 1-1: 3-RUN HOME RUN (Flyball, 7D, EV 100.0 MPH), Distance : 369 ft
|
|
Batting: LHB Paul Collins
|
0-0: Ball 1-0: Ball 2-0: Ball 3-0: Base on Balls
|
|
Pitching: LHP Jose Gutierres
|
|
|
Batting: RHB Dusty Bates
|
0-0: Ball 1-0: Ball 2-0: Called Strike 2-1: Ball 3-1: Foul Ball, location: 2F 3-2: Foul Ball, location: 2F 3-2: Base on Balls Paul Collins to second
|
|
Batting: RHB Dan Allred
|
0-0: Ball 1-0: SINGLE (Groundball, 6MD, EV 110.0 MPH) Paul Collins to third Dusty Bates to second
|
|
Batting: SHB Sam Bingham
|
0-0: Swinging Strike 0-1: Ball 1-1: Called Strike 1-2: Strikes out swinging
|
|
Batting: LHB Mark Backstrom
|
0-0: Swinging Strike 0-1: Ball Wild Pitch! Paul Collins scores Dusty Bates to third Dan Allred to second 1-1: Called Strike 1-2: Ball 2-2: Foul Ball, location: 2F 2-2: Reached on error, E4 (Groundball, 4, EV 86.2 MPH) Dusty Bates scores Dan Allred to third
|
|
Pitching: RHP Reginald Bamber
|
|
|
Batting: LHB Karel Hort
|
0-0: Ball 1-0: Ball 2-0: Ball 3-0: Called Strike 3-1: Called Strike 3-2: Base on Balls Mark Backstrom to second
|
|
Batting: RHB Jeremy Harden
|
0-0: Ball 1-0: Fielders Choice at 2nd, 6-4 (Groundball, 56D, EV 85.0 MPH) Dan Allred scores Mark Backstrom to third
|
|
Batting: LHB Umar Matoub
|
0-0: Swinging Strike 0-1: Foul Ball, location: 2F 0-2: Strikes out swinging
|
| Bottom of the 7th over - 7 runs, 4 hits, 2 errors, 2 left on base; Eugene 5 - Milwaukee (NYP) 14 |
| TOP OF THE 8TH |
|
Eugene Emeralds batting - Pitching for Milwaukee (NYP) Brewers : LHP Juan Gonzalez
|
|
Batting: RHB Josh Asch
|
0-0: Ball 1-0: Ball 2-0: Foul Ball, location: 2F 2-1: Called Strike 2-2: Strikes out looking
|
|
Batting: LHB Emir Jalil
|
0-0: Called Strike 0-1: Ball 1-1: Ball 2-1: Ground out 5-3 (Groundball, 5S, EV 85.6 MPH)
|
|
Batting: RHB Dave de Wolff
|
0-0: Called Strike 0-1: Foul Ball, location: 2F 0-2: Ball 1-2: Strikes out swinging
|
| Top of the 8th over - 0 runs, 0 hits, 0 errors, 0 left on base; Eugene 5 - Milwaukee (NYP) 14 |
| BOTTOM OF THE 8TH |
|
Milwaukee (NYP) Brewers batting - Pitching for Eugene Emeralds : RHP Reginald Bamber
|
|
Batting: LHB Sal Burgos
|
0-0: Ball 1-0: Ball 2-0: Ball 3-0: Called Strike 3-1: Base on Balls
|
|
Batting: LHB Paul Collins
|
0-0: Ball 1-0: Called Strike 1-1: Ball 2-1: Foul Ball, location: 2F 2-2: SINGLE (Groundball, 34D, EV 85.0 MPH) (infield hit) Sal Burgos to second
|
|
Pitching: RHP Victor de Leon
|
|
|
Batting: RHB Dusty Bates
|
0-0: Ball Wild Pitch! Sal Burgos to third Paul Collins to second 1-0: Called Strike 1-1: Swinging Strike 1-2: Foul Ball, location: 2F 1-2: Ball 2-2: DOUBLE (Flyball, 89D, EV 98.8 MPH) Sal Burgos scores Paul Collins scores
|
|
Batting: RHB Dan Allred
|
0-0: Swinging Strike 0-1: Ball 1-1: Called Strike 1-2: Foul Ball, location: 2F 1-2: Ball 2-2: Foul Ball, location: 2F 2-2: Hit by Pitch
|
|
Batting: SHB Sam Bingham
|
0-0: Called Strike 0-1: Ball 1-1: Foul Ball, location: 2F 1-2: Foul Ball, location: 2F 1-2: Ball 2-2: Ball 3-2: Foul Ball, location: 2F 3-2: Base on Balls Dusty Bates to third Dan Allred to second
|
|
Pitching: RHP Adrian Cox
|
|
|
Batting: LHB Mark Backstrom
|
0-0: Called Strike 0-1: Grounds into double play, 4-6-3 (Groundball, 4, EV 105.6 MPH) Dusty Bates scores Dan Allred to third
|
|
Batting: LHB Karel Hort
|
0-0: Ball 1-0: Foul Ball, location: 2F 1-1: Ball 2-1: Foul Ball, location: 2F 2-2: Foul Ball, location: 2F 2-2: Ball 3-2: Base on Balls
|
|
Batting: RHB Jeremy Harden
|
0-0: Foul Ball, location: 2F 0-1: Ball 1-1: Ball 2-1: Called Strike 2-2: Ball 3-2: SINGLE (Groundball, 6S, EV 73.1 MPH) (infield hit) Dan Allred scores Karel Hort to second
|
|
Batting: LHB Umar Matoub
|
0-0: Foul Ball, location: 2F 0-1: Ball 1-1: Ball 2-1: Ground out 4-3 (Groundball, 34, EV 83.8 MPH)
|
| Bottom of the 8th over - 4 runs, 3 hits, 0 errors, 2 left on base; Eugene 5 - Milwaukee (NYP) 18 |
| TOP OF THE 9TH |
|
Eugene Emeralds batting - Pitching for Milwaukee (NYP) Brewers : LHP Juan Gonzalez
|
|
Batting: RHB Jorge Lagunas
|
0-0: DOUBLE (Flyball, 8LXD, EV 98.1 MPH)
|
|
Pinch Runner at 2nd Bill Holmes:
|
|
|
Batting: RHB David Bousfield
|
0-0: Ball 1-0: Called Strike 1-1: Called Strike 1-2: Ball 2-2: Strikes out swinging
|
|
Batting: RHB Du Kim
|
0-0: Ball 1-0: Ball 2-0: Swinging Strike 2-1: Foul Ball, location: 2F 2-2: Ground out 6-3 (Groundball, 56D, EV 107.5 MPH)
|
|
Batting: RHB Ricky Ramirez
|
0-0: Foul Ball, location: 2F 0-1: Called Strike 0-2: Foul Ball, location: 2F 0-2: Ball 1-2: Fly out, F8 (Flyball, 8LS, EV 73.8 MPH)
|
| Top of the 9th over - 0 runs, 1 hit, 0 errors, 1 left on base; Eugene 5 - Milwaukee (NYP) 18 |
|